 Dungeon Crawl Stone Soup version 0.24-a0-462-ge24419a6ad (webtiles) character file.

Game seed: 7494326692809687958

34 Mrkan the Poker (level 3, -3/33 HPs)
             Began as a Draconian Monk on July 2, 2019.
             Slain by Natasha (7 damage)
             ... on level 2 of the Dungeon.
             The game lasted 00:03:17 (854 turns).

Mrkan the Poker (Draconian Monk)                     Turns: 854, Time: 00:03:18

Health: -3/33      AC:  5    Str: 14    XL:     3   Next: 14%
Magic:  3/3        EV: 13    Int: 15    God:
Gold:   40         SH:  0    Dex: 13    Spells: 2/2 levels left

rFire    . . .     SeeInvis .   a - +0 spear
rCold    . . .     Gourm    .   (no shield)
rNeg     . . .     Faith    .   (armour unavailable)
rPois    .         Spirit   .   (helmet restricted)
rElec    .         Reflect  .   (no cloak)
rCorr    .         Harm     .   (no gloves)
MR       .....                  (no boots)
Stlth    ++........             (no amulet)
HPRegen  0.11/turn              (no ring)
MPRegen  0.08/turn              (no ring)

@: brilliant
A: unfitting armour, cold-blooded, AC +5
a: no special abilities


You were on level 2 of the Dungeon.
You were not hungry.

You visited 1 branch of the dungeon, and saw 2 of its levels.

You collected 40 gold pieces.

Inventory:

Hand Weapons
 a - a +0 spear (weapon)
 c - a +0 hunting sling
Missiles
 i - 39 stones (quivered)
Scrolls
 e - a scroll of noise {unknown}
 f - a scroll of identify {unknown}
 g - 3 scrolls of remove curse {unknown}
 h - a scroll of enchant armour {unknown}
Comestibles
 b - a ration


   Skills:
 + Level 3.6 Fighting
 * Level 3.7 Polearms
 + Level 3.0 Dodging
 - Level 1.7 Stealth


You had 2 spell levels left.
You didn't know any spells.
Your spell library was empty.

Dungeon Overview and Level Annotations

Branches:
Dungeon (2/15)

Altars:

Annotations:
D:2 Natasha


Innate Abilities, Weirdness & Mutations

Your plain brown scales are hard. (AC +5)
You cannot fit into any form of body armour.
You are cold-blooded and may be slowed by cold attacks.


Message History

You hit the hobgoblin.
You kill the hobgoblin!
You closely miss the kobold.
Your tail-slap misses the kobold.
The kobold closely misses you.
You closely miss the kobold.
Natasha zaps a wand.
The puff of flame hits you! The kobold hits you but does no damage.
You barely miss the kobold.
Natasha zaps a wand.
The puff of flame misses you.
The puff of flame hits the kobold!
The kobold dies!
You hit Natasha.
Natasha is lightly wounded.
Natasha zaps a wand.
The puff of flame hits you!
* * * LOW HITPOINT WARNING * * *
You hit Natasha but do no damage.
Natasha is lightly wounded.
Natasha misses you.
It was a potion of brilliance.
You feel clever all of a sudden. Natasha claws you!
You die...

#...#
#...#
#...#
#...#
######...#
.........#
#w# #h#
#@# #)#
..# ####


You could see a worm and Natasha.

Vanquished Creatures
  An ooze (D:1)
  A leopard gecko (D:1)
  3 goblins (D:1)
  5 hobgoblins
  4 jackals (D:1)
  A ball python (D:1)
  4 bats (D:1)
  2 frilled lizards (D:1)
  2 kobolds (D:1)
  4 rats (D:1)
27 creatures vanquished.

Vanquished Creatures (others)
  A kobold (D:2)
1 creature vanquished.

Grand Total: 28 creatures vanquished

Notes
Turn   | Place    | Note
-------+----------+-------------------------------------------
     0 | D:1      | Mrkan the Draconian Monk began the quest for the Orb.
     0 | D:1      | Reached XP level 1. HP: 19/19 MP: 1/1
   143 | D:1      | Reached XP level 2. HP: 26/26 MP: 2/2
   569 | D:1      | Reached XP level 3. HP: 33/33 MP: 3/3
   843 | D:2      | Noticed Natasha
   854 | D:2      | Slain by Natasha

Levels and vault maps discovered:
D:1:      lightli_arrival_maybe_door_vault, layout_loops_cross,
          wander_ebering_terrifying_dragon_lair
D:2:      layout_loops_ring, uniq_natasha

Skill      XL: |  1  2 |
---------------+-------+-----
Dodging        | 3 |  3.0
Fighting       | |  3.6
Polearms       | |  3.7
Stealth        | |  1.7

Action                   || total
-------------------------++-------
Melee: Spear             ||    93
       Tailslap          ||    11
  Use: Potion            ||     1
 Stab: Sleeping          ||     4
Armor: Skin              ||    22
Dodge: Dodged            ||    69

Table legend:
 A = Non-vault XP
 B = Vault XP
 C = Vault XP percentage of total XP
 D = Non-vault monster count
 E = Vault monster count
 F = Vault count percentage of total count
                 A         B        C        D         E       F
            +---------+---------+-------+---------+---------+-------
      Total |      48 |       1 |   2.0 |      26 |       1 |   3.7
            +---------+---------+-------+---------+---------+-------
        D:1 |      46 |       1 |   2.1 |      25 |       1 |   3.8
        D:2 |       2 |       0 |   0.0 |       1 |       0 |   0.0
            +---------+---------+-------+---------+---------+-------
